NYP
WILLIAMSPORT CROSSCUTTERS @ BROOKLYN CYCLONES
08/28/2047
 
TOP OF THE 1ST
Williamsport Crosscutters batting - Pitching for Brooklyn Cyclones : RHP Andy Carrell
Pitching: RHP Andy Carrell
Batting: RHB Gary Sampson 0-0: Foul Ball, location: 2F
0-1: Called Strike
0-2: Ball
1-2: Ball
2-2: Ground out 6-3 (Groundball, 6M, EV 99.4 MPH)
Batting: SHB Marco de Leon 0-0: Ball
1-0: Called Strike
1-1: Ball
2-1: Ground out U3 (Groundball, 3, EV 105.6 MPH)
Batting: SHB Brett St. Clair 0-0: Foul Ball, location: 2F
0-1: Ball
1-1: Ball
2-1: Foul Ball, location: 2F
2-2: Foul Ball, location: 2F
2-2: Foul Ball, location: 2F
2-2: Strikes out swinging
Top of the 1st over - 0 runs, 0 hits, 0 errors, 0 left on base; Williamsport 0 - Brooklyn 0
BOTTOM OF THE 1ST
Brooklyn Cyclones batting - Pitching for Williamsport Crosscutters : RHP Dale Turner
Pitching: RHP Dale Turner
Batting: LHB Elmo Dreier 0-0: Ball
1-0: Ground out 4-3 (Groundball, 4, EV 83.1 MPH)
Batting: SHB Callum Lynch 0-0: Swinging Strike
0-1: Ball
1-1: Swinging Strike
1-2: Strikes out swinging
Batting: LHB Miguel Ramos 0-0: Called Strike
0-1: Called Strike
0-2: Strikes out swinging
Bottom of the 1st over - 0 runs, 0 hits, 0 errors, 0 left on base; Williamsport 0 - Brooklyn 0
TOP OF THE 2ND
Williamsport Crosscutters batting - Pitching for Brooklyn Cyclones : RHP Andy Carrell
Batting: RHB Carlos Morejon 0-0: Ball
1-0: Swinging Strike
1-1: Ball
2-1: Ball
3-1: Foul Ball, location: 2F
3-2: Strikes out looking
Batting: RHB Antonio Lara 0-0: SINGLE (Groundball, 6MD, EV 103.8 MPH)
Batting: LHB Rich Kuehne 0-0: Fly out, F7 (Flyball, 78M, EV 72.5 MPH)
Batting: RHB Pete Deschamps 0-0: Called Strike
0-1: Ball
1-1: Hit by Pitch
Antonio Lara to second
Batting: RHB Danny Habermehl 0-0: Called Strike
0-1: Called Strike
0-2: Ball
1-2: Foul Ball, location: 2F
1-2: Ball
2-2: Ball
3-2: Base on Balls
Antonio Lara to third
Pete Deschamps to second
Batting: RHB Bobby Matyas 0-0: Ball
1-0: Fielders Choice at 2nd, 6-4 (Groundball, 6MD, EV 89.4 MPH)
Top of the 2nd over - 0 runs, 1 hit, 0 errors, 3 left on base; Williamsport 0 - Brooklyn 0
BOTTOM OF THE 2ND
Brooklyn Cyclones batting - Pitching for Williamsport Crosscutters : RHP Dale Turner
Batting: RHB Omar Novoa 0-0: Ball
1-0: SOLO HOME RUN (Flyball, 78XD, EV 110.6 MPH), Distance : 428 ft
Batting: RHB Ryan Marler 0-0: Called Strike
0-1: Ball
1-1: Ball
2-1: Called Strike
2-2: Ball
3-2: Base on Balls
Batting: RHB Matt Tittle 0-0: 2-RUN HOME RUN (Flyball, 7D, EV 96.2 MPH), Distance : 370 ft
Batting: RHB Tom Primmer 0-0: Ball
1-0: Ground out 6-3 (Groundball, 6, EV 97.5 MPH)
Batting: RHB Andy Carrell 0-0: Ball
1-0: Ball
2-0: Fly out, F8 (Flyball, 89M, EV 81.9 MPH)
Batting: RHB Luis Garcia 0-0: Ball
1-0: Ball
2-0: Foul Ball, location: 2F
2-1: Ball
3-1: Foul Ball, location: 2F
3-2: Fly out, F3 (Popup, 23F, EV 81.2 MPH)
Bottom of the 2nd over - 3 runs, 2 hits, 0 errors, 0 left on base; Williamsport 0 - Brooklyn 3
TOP OF THE 3RD
Williamsport Crosscutters batting - Pitching for Brooklyn Cyclones : RHP Andy Carrell
Batting: RHB Gary Sampson 0-0: Called Strike
0-1: Called Strike
0-2: Foul Ball, location: 2F
0-2: Strikes out swinging, 2-3 out at first.
Batting: SHB Marco de Leon 0-0: Called Strike
0-1: Called Strike
0-2: Ball
1-2: Foul Ball, location: 2F
1-2: Strikes out swinging
Batting: SHB Brett St. Clair 0-0: Ball
1-0: Ball
2-0: Ball
3-0: Base on Balls
Batting: RHB Carlos Morejon 0-0: Foul Ball, location: 2F
0-1: Ball
1-1: Called Strike
Brett St. Clair is caught stealing 2nd base 2-4
Top of the 3rd over - 0 runs, 0 hits, 0 errors, 0 left on base; Williamsport 0 - Brooklyn 3
BOTTOM OF THE 3RD
Brooklyn Cyclones batting - Pitching for Williamsport Crosscutters : RHP Dale Turner
Batting: LHB Elmo Dreier 0-0: Called Strike
0-1: Foul Ball, location: 2F
0-2: Ball
1-2: Strikes out swinging
Batting: SHB Callum Lynch 0-0: Ball
1-0: Ball
2-0: Ground out 6-3 (Groundball, 6, EV 86.9 MPH)
Batting: LHB Miguel Ramos 0-0: Foul Ball, location: 2F
0-1: Foul Ball, location: 2F
0-2: Strikes out swinging
Bottom of the 3rd over - 0 runs, 0 hits, 0 errors, 0 left on base; Williamsport 0 - Brooklyn 3
TOP OF THE 4TH
Williamsport Crosscutters batting - Pitching for Brooklyn Cyclones : RHP Andy Carrell
Batting: RHB Carlos Morejon 0-0: Called Strike
0-1: Ground out 5-3 (Groundball, 56, EV 77.5 MPH)
Batting: RHB Antonio Lara 0-0: Ball
1-0: Called Strike
1-1: Foul Ball, location: 2F
1-2: Ball
2-2: Foul Ball, location: 2F
2-2: Strikes out swinging
Batting: LHB Rich Kuehne 0-0: Fly out, F8 (Flyball, 8LD, EV 93.1 MPH)
Top of the 4th over - 0 runs, 0 hits, 0 errors, 0 left on base; Williamsport 0 - Brooklyn 3
BOTTOM OF THE 4TH
Brooklyn Cyclones batting - Pitching for Williamsport Crosscutters : RHP Dale Turner
Batting: RHB Omar Novoa 0-0: Called Strike
0-1: Hit by Pitch
Batting: RHB Ryan Marler 0-0: Ball
1-0: Ball
2-0: Grounds into double play, 5-4-3 (Groundball, 56, EV 87.5 MPH)
Batting: RHB Matt Tittle 0-0: Ball
1-0: Swinging Strike
1-1: Ball
2-1: Foul Ball, location: 2F
2-2: Ball
3-2: Strikes out swinging
Bottom of the 4th over - 0 runs, 0 hits, 0 errors, 0 left on base; Williamsport 0 - Brooklyn 3
TOP OF THE 5TH
Williamsport Crosscutters batting - Pitching for Brooklyn Cyclones : RHP Andy Carrell
Batting: RHB Pete Deschamps 0-0: Called Strike
0-1: Ball
1-1: Ball
2-1: SINGLE (Groundball, 6MD, EV 105.6 MPH)
Batting: RHB Danny Habermehl 0-0: Foul Ball, location: 2F
0-1: Ball
1-1: SINGLE (Line Drive, 4D, EV 98.8 MPH)
Pete Deschamps to second
Batting: RHB Bobby Matyas 0-0: Grounds into double play, 6-4-3 (Groundball, 15, EV 83.8 MPH)
Pete Deschamps to third
Batting: RHB Gary Sampson 0-0: Called Strike
0-1: Ball
1-1: Ball
2-1: Foul Ball, location: 2F
2-2: Strikes out looking
Top of the 5th over - 0 runs, 2 hits, 0 errors, 1 left on base; Williamsport 0 - Brooklyn 3
BOTTOM OF THE 5TH
Brooklyn Cyclones batting - Pitching for Williamsport Crosscutters : RHP Dale Turner
Batting: RHB Tom Primmer 0-0: Foul Ball, location: 2F
0-1: Foul Ball, location: 2F
0-2: Strikes out swinging
Batting: RHB Andy Carrell 0-0: SINGLE (Groundball, 6MD, EV 98.1 MPH)
Batting: RHB Luis Garcia 0-0: Foul Ball, location: 2F
0-1: SINGLE (Groundball, 6MD, EV 100.0 MPH)
Andy Carrell to second
Runner from 2nd tries for 3rd, SAFE, throw by CF made to third
Batting: LHB Elmo Dreier 0-0: Called Strike
0-1: Ball
1-1: Ball
2-1: Ball
3-1: Base on Balls
Luis Garcia to second
Batting: SHB Callum Lynch 0-0: Hit by Pitch
Andy Carrell scores
Luis Garcia to third
Elmo Dreier to second
Batting: LHB Miguel Ramos 0-0: Ball
1-0: Ball
2-0: Called Strike
2-1: Foul Ball, location: 2F
2-2: Strikes out looking
Batting: RHB Omar Novoa 0-0: Ball
1-0: Called Strike
1-1: Ball
2-1: Foul Ball, location: 2F
2-2: Strikes out swinging
Bottom of the 5th over - 1 run, 2 hits, 0 errors, 3 left on base; Williamsport 0 - Brooklyn 4
TOP OF THE 6TH
Williamsport Crosscutters batting - Pitching for Brooklyn Cyclones : RHP Andy Carrell
Batting: SHB Marco de Leon 0-0: Ball
1-0: Ball
2-0: Called Strike
2-1: Ground out 6-3 (Groundball, 56, EV 103.8 MPH)
Batting: SHB Brett St. Clair 0-0: Called Strike
0-1: Ground out U3 (Groundball, 34S, EV 90.0 MPH)
Batting: RHB Carlos Morejon 0-0: Ball
1-0: Foul Ball, location: 2F
1-1: Ball
2-1: Swinging Strike
2-2: Foul Ball, location: 2F
2-2: Ground out 6-3 (Groundball, 6, EV 100.0 MPH)
Top of the 6th over - 0 runs, 0 hits, 0 errors, 0 left on base; Williamsport 0 - Brooklyn 4
BOTTOM OF THE 6TH
Brooklyn Cyclones batting - Pitching for Williamsport Crosscutters : RHP Dale Turner
Batting: RHB Ryan Marler 0-0: TRIPLE (Flyball, 78XD, EV 110.6 MPH)
Batting: RHB Matt Tittle 0-0: Fly out, F8 (Flyball, 89D, EV 90.6 MPH)
Runner from 3rd tags up, OUT at HOME! 8-2
Batting: RHB Tom Primmer 0-0: Called Strike
0-1: Fly out, F3 (Popup, 3F, EV 78.1 MPH)
Bottom of the 6th over - 0 runs, 1 hit, 0 errors, 0 left on base; Williamsport 0 - Brooklyn 4
TOP OF THE 7TH
Williamsport Crosscutters batting - Pitching for Brooklyn Cyclones : RHP Andy Carrell
Pitching: LHP Mike Mathews
Batting: RHB Antonio Lara 0-0: Ball
1-0: Called Strike
1-1: Ball
2-1: Foul Ball, location: 2F
2-2: Ground out 5-3 (Groundball, 5, EV 84.4 MPH)
Batting: LHB Rich Kuehne 0-0: Foul Ball, location: 2F
0-1: Called Strike
0-2: Foul Ball, location: 2F
0-2: Ball
1-2: Fly out, F6 (Popup, 15, EV 88.1 MPH)
Batting: RHB Pete Deschamps 0-0: Called Strike
0-1: DOUBLE (Line Drive, 5D, EV 103.8 MPH)
Batting: RHB Danny Habermehl 0-0: Ball
Wild Pitch!
Pete Deschamps to third
1-0: Ball
2-0: Foul Ball, location: 2F
2-1: Ball
3-1: DOUBLE (Groundball, 5L, EV 107.5 MPH)
Pete Deschamps scores
Batting: RHB Bobby Matyas 0-0: Foul Ball, location: 2F
0-1: Ball
1-1: SINGLE (Line Drive, 8LS, EV 86.9 MPH)
Danny Habermehl to third
Batting: RHB Gary Sampson 0-0: Foul Ball, location: 2F
0-1: Foul Ball, location: 2F
0-2: Strikes out looking
Top of the 7th over - 1 run, 3 hits, 0 errors, 2 left on base; Williamsport 1 - Brooklyn 4
BOTTOM OF THE 7TH
Brooklyn Cyclones batting - Pitching for Williamsport Crosscutters : RHP Dale Turner
Batting: RHB Andy Carrell 0-0: Ball
1-0: Ball
2-0: Ball
3-0: Called Strike
3-1: Base on Balls
Pitching: RHP Chris Petrey
Batting: RHB Luis Garcia 0-0: Ball
1-0: Called Strike
1-1: Ball
2-1: Ball
3-1: Called Strike
3-2: Ground out 4-3 (Groundball, 4, EV 89.4 MPH)
Andy Carrell to second
Batting: LHB Elmo Dreier 0-0: Swinging Strike
0-1: Ball
1-1: Ball
2-1: Foul Ball, location: 2F
2-2: Ground out U3 (Groundball, 3L, EV 88.8 MPH)
Andy Carrell to third
Batting: SHB Callum Lynch 0-0: Called Strike
0-1: Swinging Strike
0-2: Foul Ball, location: 2F
0-2: Strikes out swinging
Bottom of the 7th over - 0 runs, 0 hits, 0 errors, 1 left on base; Williamsport 1 - Brooklyn 4
TOP OF THE 8TH
Williamsport Crosscutters batting - Pitching for Brooklyn Cyclones : LHP Mike Mathews
Now in CF: Jack Nickleberry
Now in RF: Callum Lynch
Batting: SHB Marco de Leon 0-0: Called Strike
0-1: Foul Ball, location: 2F
0-2: Ball
1-2: Ball
2-2: Foul Ball, location: 2F
2-2: Ball
3-2: Foul Ball, location: 2F
3-2: SINGLE (Line Drive, 6M, EV 96.9 MPH)
Pitching: RHP Amare Golden
Batting: SHB Brett St. Clair 0-0: Called Strike
0-1: Foul Ball, location: 2F
0-2: Foul Ball, location: 2F
0-2: Strikes out swinging
Batting: RHB Carlos Morejon 0-0: Ball
1-0: Ball
2-0: Foul Ball, location: 2F
2-1: Called Strike
2-2: Ball
3-2: Fly out, F8 (Flyball, 8RD, EV 106.2 MPH)
Batting: RHB Antonio Lara 0-0: Called Strike
0-1: Called Strike
0-2: Ball
1-2: SINGLE (Groundball, 6D, EV 105.0 MPH)
Marco de Leon to second
Batting: LHB Rich Kuehne 0-0: Called Strike
0-1: Ball
1-1: Ground out U3 (Groundball, 23, EV 86.2 MPH)
Top of the 8th over - 0 runs, 2 hits, 0 errors, 2 left on base; Williamsport 1 - Brooklyn 4
BOTTOM OF THE 8TH
Brooklyn Cyclones batting - Pitching for Williamsport Crosscutters : RHP Chris Petrey
Batting: LHB Miguel Ramos 0-0: Ground out 6-3 (Groundball, 6, EV 89.4 MPH)
Batting: RHB Omar Novoa 0-0: Ball
1-0: Called Strike
1-1: Ball
2-1: Called Strike
2-2: Ball
3-2: Base on Balls
Batting: RHB Ryan Marler 0-0: Called Strike
0-1: Ball
1-1: Swinging Strike
1-2: Strikes out looking
Batting: RHB Matt Tittle 0-0: Ball
1-0: Reached on error, E5 (Groundball, 56, EV 86.9 MPH)
Omar Novoa to second
Batting: RHB Tom Primmer 0-0: Called Strike
0-1: Foul Ball, location: 2F
0-2: Foul Ball, location: 2F
0-2: Ball
1-2: Ball
2-2: Ball
3-2: Strikes out swinging
Bottom of the 8th over - 0 runs, 0 hits, 1 error, 2 left on base; Williamsport 1 - Brooklyn 4
TOP OF THE 9TH
Williamsport Crosscutters batting - Pitching for Brooklyn Cyclones : RHP Amare Golden
Pitching: LHP Keith Noftall
Now at 1B: Salvador Gomez
Now at 2B: Duri Chilemba
Batting: RHB Pete Deschamps 0-0: Called Strike
0-1: DOUBLE (Groundball, 5L, EV 109.4 MPH)
Batting: RHB Danny Habermehl 0-0: Ball
1-0: DOUBLE (Line Drive, 9LM, EV 113.8 MPH)
Pete Deschamps scores
Batting: RHB Bobby Matyas 0-0: Called Strike
0-1: Ball
1-1: Called Strike
1-2: Strikes out looking
Batting: RHB Gary Sampson 0-0: Called Strike
0-1: Ball
1-1: Called Strike
1-2: Ball
2-2: Foul Ball, location: 2F
2-2: Foul Ball, location: 2F
2-2: TRIPLE (Flyball, 8LXD, EV 85.0 MPH)
Danny Habermehl scores
Batting: SHB Marco de Leon 0-0: Swinging Strike
0-1: Swinging Strike
0-2: Ball
1-2: Foul Ball, location: 2F
1-2: Foul Ball, location: 2F
1-2: Strikes out looking
Batting: SHB Brett St. Clair 0-0: Foul Ball, location: 2F
0-1: Foul Ball, location: 2F
0-2: Ball
1-2: Strikes out swinging
Top of the 9th over - 2 runs, 3 hits, 0 errors, 1 left on base; Williamsport 3 - Brooklyn 4
Thursday, December 15th , 2022 - OOTP Baseball 23.9 Build 102